 Dungeon Sprint DCSS version 0.30-a0-737-gf23d94013f (webtiles) character file.

Game seed: 2021780590915244071

5440 sircluck the Brawler (level 10, -10/107 HPs)
             Began as a Troll Fighter on Feb 2, 2023.
             Mangled by a demonic crawler (11 damage)
             ... in the Dungeon (Sprint I: "Red Sonja").
             The game lasted 00:06:16 (816 turns).

sircluck the Brawler (Troll Fighter)                 Turns: 816, Time: 00:06:17

Health: -10/107    AC:  4    Str: 30    XL:     10   Next: 41%
Magic:  9/9        EV: 11    Int:  4    God:
Gold:   800        SH: 11    Dex:  9    Spells: 9/9 levels left

rFire   . . .      SeeInvis .      - Unarmed
rCold   . . .      Faith    .    b - +0 kite shield
rNeg    . . .      Spirit   .    a - +0 robe
rPois   .          Reflect  .    (helmet restricted)
rElec   .          Harm     .    (no cloak)
rCorr   .          Rampage  .    (gloves unavailable)
Will    .....      NoTele   +    (boots unavailable)
Stlth   +                        (no amulet)
HPRegen 1.17/turn                (no ring)
MPRegen 0.11/turn                (no ring)

@: hasted, very quick
A: large, unfitting armour, claws 3, regeneration 1, shaggy fur 1, tough skin 1
a: no special abilities


You were in the Dungeon.
You visited 1 branch You collected 800 gold pieces.

Inventory:

Hand Weapons
 c - a +0 dagger of flaming
Armour
 a - a +0 robe (worn)
 b - a +0 kite shield (worn)
Wands
 j - a wand of digging (3)
Potions
 d - a potion of curing
 g - 2 potions of magic
 k - a potion of flight {unknown}
 l - a potion of mutation {unknown}


   Skills:
 + Level 9.5 Fighting
 + Level 10.8 Dodging
 + Level 1.3 Stealth
 + Level 11.1 Shields
 + Level 15.0 Unarmed Combat
 + Level 1.0 Evocations


You had 9 spell levels left.
You didn't know any spells.
Your spell library was empty.

Dungeon Overview and Level Annotations

Branches:
Dungeon (1/1)

Altars:
Cheibriados
Dithmenos
Elyvilon
Fedhas
Gozag
Hepliaklqana
Kikubaaqudgha
Makhleb
Nemelex Xobeh
Okawaru
Qazlal
Ru
Sif Muna
Trog
Uskayaw
Vehumet
Wu Jian
Xom
Yredelemnul
Zin
The Shining One
Jiyva
Lugonu

Shops:
D [


Innate Abilities, Weirdness & Mutations

You are too large for most types of armour.
You have claws for hands.
Your natural rate of healing is unusually fast.
You are covered in fur. (AC +1)
You have tough skin. (AC +1)


Message History

The demonic crawler hits you but does no damage.
You scratch the demonic crawler.
The demonic crawler is moderately wounded.
You block the demonic crawler's attack. The demonic crawler closely misses you.
You block the demonic crawler's attack.
The demonic crawler hits you but does no damage.
The demonic crawler completely misses you.
The demonic crawler hits you.
You mangle the demonic crawler!!
The demonic crawler is severely wounded.
You barely miss the demonic crawler.
The demonic crawler is severely wounded.
You block the demonic crawler's attack.
The demonic crawler hits you but does no damage.
The demonic crawler misses you. The demonic crawler hits you.
You block the demonic crawler's attack. The demonic crawler hits you!
You mangle the demonic crawler!!
The demonic crawler is almost dead.
You block the demonic crawler's attack. The demonic crawler hits you!
The demonic crawler hits you.
* * * LOW HITPOINT WARNING * * *
The demonic crawler barely misses you. The demonic crawler hits you.
* * * LOW HITPOINT WARNING * * *
You block the demonic crawler's attack.
You feel much better. The demonic crawler hits you!
The demonic crawler barely misses you. x2; The demonic crawler hits you!
* * * LOW HITPOINT WARNING * * *
The demonic crawler hits you!
* * * LOW HITPOINT WARNING * * *
You block the demonic crawler's attack.
Aiming: Dig
Press: ? - help, Q - select action, (/) - cycle Shift-Dir - straight line A rock wall.
The rock shatters into small pieces.
A meliai comes into view. It is wielding a +0 hand axe.
The meliai calls down the wrath of its god upon you.
Something smites you!
* * * LOW HITPOINT WARNING * * *
The demonic crawler hits you!
You die...

############################
..#__#..'....§§§....÷§§..§§+
..'..'..#)§.##+#§####..§§.##
#'#__####§§.+.s#s#(###...##
#.####.§#####.ss@.+ ###+#
#)#§§~§)#..##+####..$#y#
_.'~~~..'.§# .$###
._#~§~.)#..# $$$#
#'##+#####'### ..# #.# #.'.#
## ### ###.# #.# #.#


You could see 4 demonic crawlers and a meliai.

Vanquished Creatures
  2 centaur warriors (D)
  A lindwurm (D)
  An oklob plant (D)
  2 kobold demonologists (D)
  A hornet (D)
  A slime creature (D)
  Sigmund (D)
  A yak (D)
  13 hogs (D)
  2 redbacks (D)
  A floating eye (D)
  An ogre (D)
  A jelly (D)
  Ijyb (D)
29 creatures vanquished.

Notes
Turn   | Place    | Note
-------+----------+-------------------------------------------
     0 | D        | sircluck the Troll Fighter began the quest for the Orb.
     0 | D        | Reached XP level 1. HP: 22/22 MP: 0/0
     2 | D        | Noticed Ijyb
    14 | D        | Killed Ijyb
    15 | D        | Reached XP level 2. HP: 24/31 MP: 1/1
    23 | D        | Noticed an ogre
    30 | D        | Killed an ogre
    31 | D        | Reached skill level 5 in Shields
    31 | D        | Reached skill level 3 in Unarmed Combat
    31 | D        | Reached XP level 3. HP: 25/40 MP: 2/2
    31 | D        | Reached XP level 4. HP: 30/49 MP: 3/3
    41 | D        | Found a basalt altar of Yredelemnul.
    41 | D        | Found a hide-covered altar of Uskayaw.
    41 | D        | Found a hazy altar of Hepliaklqana.
    41 | D        | Found a shadowy altar of Dithmenos.
    41 | D        | Found a sacrificial altar of Ru.
    41 | D        | Found a snail-covered altar of Cheibriados.
    41 | D        | Found an opulent altar of Gozag.
    41 | D        | Found a sparkling altar of Nemelex Xobeh.
    42 | D        | Found an ancient bone altar of Kikubaaqudgha.
    42 | D        | Found Zulog's Antique Armour Emporium.
    42 | D        | Found a glowing golden altar of the Shining One.
    42 | D        | Found an iron altar of Okawaru.
    42 | D        | Found a bloodstained altar of Trog.
    42 | D        | Found a blossoming altar of Fedhas.
    42 | D        | Found a stormy altar of Qazlal.
    42 | D        | Found a white marble altar of Elyvilon.
    42 | D        | Found a glowing silver altar of Zin.
    42 | D        | Noticed a yak
    52 | D        | Killed a yak
    53 | D        | Reached skill level 5 in Fighting
    53 | D        | Reached skill level 5 in Unarmed Combat
    53 | D        | Reached XP level 5. HP: 31/59 MP: 4/4
    79 | D        | Found a shimmering blue altar of Sif Muna.
    79 | D        | Found a radiant altar of Vehumet.
    79 | D        | Found an ornate altar of the Wu Jian Council.
    82 | D        | Reached XP level 6. HP: 67/67 MP: 5/5
   121 | D        | Noticed Sigmund
   128 | D        | Killed Sigmund
   129 | D        | Reached skill level 6 in Unarmed Combat
   136 | D        | Found a burning altar of Makhleb.
   136 | D        | Found a viscous altar of Jiyva.
   136 | D        | Found a shimmering altar of Xom.
   136 | D        | Found a corrupted altar of Lugonu.
   136 | D        | Noticed a slime creature
   142 | D        | Killed a slime creature
   143 | D        | Reached skill level 7 in Unarmed Combat
   143 | D        | Reached XP level 7. HP: 46/78 MP: 6/6
   185 | D        | Noticed a kobold demonologist
   185 | D        | Noticed a kobold demonologist
   186 | D        | Paralysed by a floating eye for 2 turns
   187 | D        | Noticed a red devil
   188 | D        | Noticed a rust devil
   189 | D        | Noticed a red devil
   190 | D        | Noticed an orange demon
   191 | D        | Noticed a smoke demon
   192 | D        | Killed a kobold demonologist
   193 | D        | Reached skill level 8 in Unarmed Combat
   194 | D        | Killed a kobold demonologist
   195 | D        | Reached XP level 8. HP: 62/88 MP: 7/7
   195 | D        | Paralysed by a floating eye for 3 turns
   220 | D        | Noticed a lindwurm
   226 | D        | Killed a lindwurm
   227 | D        | Reached skill level 9 in Unarmed Combat
   392 | D        | Reached skill level 10 in Unarmed Combat
   398 | D        | Reached XP level 9. HP: 87/97 MP: 8/8
   406 | D        | Reached skill level 11 in Unarmed Combat
   410 | D        | Reached skill level 10 in Shields
   412 | D        | Reached skill level 10 in Dodging
   424 | D        | Reached skill level 12 in Unarmed Combat
   433 | D        | Reached skill level 1 in Stealth
   540 | D        | Noticed a centaur warrior
   541 | D        | Noticed a centaur warrior
   546 | D        | Killed a centaur warrior
   547 | D        | Reached skill level 13 in Unarmed Combat
   547 | D        | Reached XP level 10. HP: 51/107 MP: 9/9
   550 | D        | Killed a centaur warrior
   551 | D        | Reached skill level 14 in Unarmed Combat
   631 | D        | Noticed an oklob plant
   636 | D        | Killed an oklob plant
   650 | D        | Reached skill level 1 in Evocations
   652 | D        | Reached skill level 15 in Unarmed Combat
   808 | D        | Noticed a demonic crawler
   808 | D        | Noticed a demonic crawler
   808 | D        | Noticed a demonic crawler
   808 | D        | Noticed a demonic crawler
   816 | D        | HP: 1/107 [meliai/divine providence (9)]
   816 | D        | Mangled by a demonic crawler

Illustrated notes

Levels and vault maps discovered:
D:        dungeon_sprint_1 [red_sonja_temple_1, red_sonja_temple_small_1]

Skill      XL: |  1  2  3  4  5  6  7  8  9 10 |
---------------+-------------------------------+-----
Fighting       | 3 4 5 7 8 9 |  9.5
Dodging        | 3 4 6 7 8 9 10 | 10.8
Shields        | 3 5 6 7 8 9 10 11 | 11.1
Unarmed Combat | 3 5 7 8 10 13 15 | 15.0
Stealth        | 1 |  1.3
Evocations     | 1 |  1.0

Action                     |  1- 3 |  4- 6 |  7- 9 | 10-12 || total
---------------------------+-------+-------+-------+-------++-------
  Melee: Unarmed           |    16 |    17 |    69 |    22 ||   124
  Evoke: Wand              |       |     1 |     1 |     1 ||     3
    Use: Potion            |     1 |       |       |     3 ||     4
         Scroll            |       |       |     1 |       ||     1
 Armour: Robe              |     1 |     3 |     6 |     4 ||    14
  Dodge: Dodged            |     4 |     4 |    17 |     8 ||    33
  Block: Kite shield       |     4 |     2 |    29 |    18 ||    53

Table legend: (Time is in decaauts)
 A = Elapsed time spent in this place.
 B = Non-inter-level travel time spent in this place.
 C = Inter-level travel time spent in this place.
 D = Time resting spent in this place.
 E = Time spent auto-exploring this place.
 F = Levels seen in this place.
 G = Mean time per level.
                   A        B        C        D        E       F      G
               +--------+--------+--------+--------+--------+-----+--------+
         Total |    817 |    789 |     28 |    382 |      0 |   1 |  817.0 |
       Dungeon |    817 |    789 |     28 |    382 |      0 |   1 |  817.0 |
               +--------+--------+--------+--------+--------+-----+--------+

Top non-repeatable levels by time:
       D: 817 daAuts
